 Dungeon Crawl Stone Soup version 0.32-a0-306-gfed3edf829 (webtiles) character file.

Game seed: 13928924305449070557

29 Newt the Slasher (level 3, -6/28 HPs)
             Began as a Demonspawn Gladiator on Feb 14, 2024.
             Succumbed to Sigmund's poison
             ... on level 2 of the Dungeon.
             The game lasted 00:00:54 (1087 turns).

Newt the Slasher (Demonspawn Gladiator)             Turns: 1087, Time: 00:00:55

Health: -6/28      AC:  6    Str: 16    XL:     3   Next: 1%
Magic:  3/3        EV: 12    Int:  8    God:
Gold:   53         SH:  0    Dex: 14    Spells: 2/2 levels left

rFire   . . .        a - +0 long sword
rCold   . . .        (no shield)
rNeg    . . .        b - +0 leather armour
rPois   .            c - +0 helmet
rElec   .            (no cloak)
rCorr   .            i - +1 pair of gloves
SInv    .            (no boots)
Will    .....        (no amulet)
Stlth   +            (no ring)
HPRegen 0.24/turn    (no ring)
MPRegen 0.08/turn

%: no passive effects
@: lethally poisoned (-6 -> -35), hasted, very quick
A: hooves 1, demonic guardian 1
a: no special abilities


You were on level 2 of the Dungeon.
You visited 1 branch of the dungeon, and saw 2 of its levels.

You collected 53 gold pieces.

Inventory:

Hand Weapons
 a - a +0 long sword (weapon)
Missiles
 d - 2 throwing nets (quivered)
 e - a javelin
 j - 6 boomerangs
Armour
 b - a +0 leather armour (worn)
 c - a +0 helmet (worn)
 i - a +1 pair of gloves (worn)
Scrolls
 g - a scroll of immolation {unknown}
 h - a scroll of noise {unknown}
 k - a scroll of teleportation {unknown}


   Skills:
 + Level 2.5 Fighting
 * Level 3.5 Long Blades
 - Level 1.7 Throwing
 - Level 2.6 Dodging


You had 2 spell levels left.
You didn't know any spells.
Your spell library contained the following spells:

 Spells                   Type           Power      Damage    Failure   Level
 Lesser Beckoning         Tloc           0%         N/A       63%         2
 Gell's Gravitas          Tloc           0%         N/A       85%         3
 Teleport Other           Tloc           0%         N/A       85%         3
 Conjure Ball Lightning   Conj/Air       0%         3x3d6     100%        6
 Discord                  Hex            0%         N/A       100%        8
 Disjunction              Tloc           0%         N/A       100%        8


Dungeon Overview and Level Annotations

Branches:
Dungeon (2/15)

Altars:

Annotations:
D:2 Sigmund


Innate Abilities, Weirdness & Mutations

You have large cloven feet.
A weak demonic guardian rushes to your aid.


Message History

Sigmund points at you and mumbles some strange words.
You are confused.
Sigmund struggles against the net.
Okay, then.
You bump into the rock wall.
The adder hisses angrily.
Sigmund struggles against the net.
Your quasit bites Sigmund but does no damage.
Your quasit claws Sigmund.
Your quasit claws Sigmund but does no damage.
You hit Sigmund. Your kick misses Sigmund.
Sigmund is lightly wounded.
Sigmund struggles against the net.
Your quasit bites Sigmund.
Your quasit claws Sigmund. x2; Sigmund struggles against the net.
You bump into the rock wall.
Your quasit barely misses Sigmund.
Your quasit claws Sigmund. x2
Sigmund casts a spell.
Sigmund flickers and vanishes!
Deactivating autopickup; reactivate with Ctrl-A.
Something wriggles in the net.
You hit something. Your kick misses something. You slash something!
You feel less confused.
Something wriggles in the net.
All of a sudden the net rips apart!
You closely miss something. Your kick misses something.
Something hits you but does no damage.
You hit something but do no damage. Your kick misses something.
You hear some strange, mumbled words.
A magic dart appears from out of thin air!
The magic dart hits you.
You miss something. You kick something. Something hits you!
You are lethally poisoned!
You barely miss something. You kick something.
You feel very sick. Something hits you!
* * * LOW HITPOINT WARNING * * *
A demonic guardian appears!
You are more poisoned.
It was a potion of haste.
You feel yourself speed up.
You die...

......#.# #. ......#.#
...# #........#.# ...# .
##........#.# ...##..
..........#.# S......
####.#....#.######....#.#
.................#.......
##...#.####.####5#.....#
+...+.........#@{S....#
#.†.#.####.####.#5#####
##...#.####.# #.#.#
............# .....
.....................
##....########.#.#....
#....# .......... ####.#
##.#.#....#. ...


You could see an adder (ally target), a friendly quasit (summoned) and a
friendly ufetubus (summoned).

Vanquished Creatures
  An endoplasm (D:2)
  A goblin (D:1)
  A hobgoblin (D:1)
  3 jackals (D:2)
  3 bats
  A frilled lizard (D:1)
  5 kobolds (D:1)
  A rat (D:1)
16 creatures vanquished.

Notes
Turn   | Place    | Note
-------+----------+-------------------------------------------
     0 | D:1      | Newt the Demonspawn Gladiator began the quest for the Orb.
     0 | D:1      | Reached XP level 1. HP: 16/16 MP: 1/1
   155 | D:1      | Reached skill level 3 in Long Blades
   241 | D:1      | Gained mutation: A weak demonic guardian rushes to your
                  | aid. [demonic ancestry]
   241 | D:1      | Reached XP level 2. HP: 22/22 MP: 2/2
  1038 | D:2      | Gained mutation: You have large cloven feet. [demonic
                  | ancestry]
  1038 | D:2      | Reached XP level 3. HP: 23/28 MP: 3/3
  1065 | D:2      | Noticed Sigmund
  1086 | D:2      | HP: 1/28 [something (8)]
  1087 | D:2      | Succumbed to Sigmund's poison

Illustrated notes

Levels and vault maps discovered:
D:1:      lightli_arrival_windingriver, layout_basic
D:2:      layout_basic, minmay_misc_feat_five, uniq_terence, uniq_sigmund

Skill      XL: |  1 |
---------------+----+-----
Long Blades    | 3 |  3.5
Fighting       | |  2.5
Throwing       | |  1.7
Dodging        | |  2.6

Action                     || total
---------------------------++-------
  Melee: Long sword        ||    49
         Kick              ||     2
  Throw: Throwing net      ||     1
    Use: Potion            ||     1
   Stab: Sleeping          ||     1
 Armour: Leather armour    ||    30
  Dodge: Dodged            ||    36

Table legend: (Time is in decaauts)
 A = Elapsed time spent in this place.
 B = Non-inter-level travel time spent in this place.
 C = Inter-level travel time spent in this place.
 D = Time resting spent in this place.
 E = Time spent auto-exploring this place.
 F = Levels seen in this place.
 G = Mean time per level.
                   A        B        C        D        E       F      G
               +--------+--------+--------+--------+--------+-----+--------+
         Total |   1100 |   1062 |     38 |      0 |    908 |   2 |  550.0 |
       Dungeon |   1100 |   1062 |     38 |      0 |    908 |   2 |  550.0 |
               +--------+--------+--------+--------+--------+-----+--------+

Top non-repeatable levels by time:
     D:1: 988 daAuts
     D:2: 111 daAuts
